 Dungeon Crawl Stone Soup version 0.17-a0-2070-g2a5e0a8 (webtiles) character file.

1413 Maka the Basher (level 8, -9/83 HPs)
             Began as an Ogre Berserker on Oct 14, 2015.
             Was a Priest of Trog.
             Killed from afar by thewizardguy's ghost (20 damage)
             ... with an orb of energy
             ... on level 6 of the Dungeon.
             The game lasted 00:11:35 (5249 turns).

Maka the Basher (Ogre Berserker)                    Turns: 5249, Time: 00:11:35

Health: -9/83      AC:  5    Str: 23    XL:     8   Next: 71%
Magic:  8/8        EV: 12    Int:  6    God:    Trog [***...]
Gold:   365        SH:  0    Dex: 11    Spells: 0 memorised, 7 levels left

rFire  . . .     SeeInvis .     a - +0 flail
rCold  . . .     Clarity  .     b - +0 animal skin
rNeg   . . .     SustAt   .     (no shield)
rPois  .         Gourm    .     (helmet restricted)
rElec  .         Spirit   .     k - +1 cloak
rCorr  .         Warding  .     (gloves unavailable)
rMut   .         Stasis   .     (boots unavailable)
MR     ++...                    (no amulet)
Stlth  +.........               (no ring)
                                (no ring)

@: regenerating, very resistant to hostile enchantments, very unstealthy
A: unfitting armour, tough skin 1
a: Burn Spellbooks, Berserk, Trog's Hand, Renounce Religion


You were on level 6 of the Dungeon.
You worshipped Trog.
Trog was most pleased with you.
You were not hungry.

You visited 1 branch of the dungeon, and saw 6 of its levels.

You collected 365 gold pieces.

Inventory:

Hand Weapons
 a - a +0 flail (weapon)
Missiles
 h - 8 poisoned javelins (quivered)
Armour
 b - a +0 animal skin (worn)
 k - a +1 cloak (worn)
Jewellery
 r - an uncursed amulet of stasis
Scrolls
 f - 3 scrolls of identify
 i - 2 scrolls of noise {unknown}
 l - 3 scrolls of amnesia {unknown}
 m - 5 scrolls of remove curse
 n - 2 scrolls of magic mapping {unknown}
 o - a scroll of vulnerability {unknown}
 p - 2 scrolls of immolation {unknown}
 q - a scroll of recharging {unknown}
 s - a scroll of fog {unknown}
Potions
 d - a potion of might
 e - a potion of ambrosia {unknown}
 j - 2 potions of resistance
 t - a potion of cure mutation
 v - a potion of lignification
Books
 w - a book of Maledictions

   Spells                             Type                      Level
   a - Corona                         Hexes                        1
   b - Ensorcelled Hibernation        Hexes/Ice                    2
   c - Confuse                        Hexes                        3
   d - Tukima's Dance                 Hexes                        3
   e - Dazzling Spray                 Conjuration/Hexes            3
   Trog disapproves of the use of such an item.
Comestibles
 c - 5 bread rations
 g - 4 meat rations


   Skills:
 + Level 5.9 Fighting
 - Level 11.0 Maces & Flails
 - Level 6.0 Dodging


You had 7 spell levels left.
You didn't know any spells.

Dungeon Overview and Level Annotations

Branches:
Dungeon (6/15)
 Temple: D:4-7

Altars:
Ashenzari
Dithmenos
Elyvilon
Okawaru
Ru
Xom
Zin
The Shining One

Annotations:
D:6 Prince Ribbit; thewizardguy's ghost, novice HECj


Innate Abilities, Weirdness & Mutations

You are too large for most types of armour.
You have tough skin (AC +1).


Message History

Thewizardguy's ghost gestures at you while chanting.
The orb of energy hits you!
* * * LOW HITPOINT WARNING * * *
The orb of energy explodes!
You sock thewizardguy's ghost!
Thewizardguy's ghost is moderately damaged.
Thewizardguy's ghost misses you.
You hit thewizardguy's ghost.
Thewizardguy's ghost is moderately damaged.
Thewizardguy's ghost casts a spell at you.
The orb of energy hits you!
* * * LOW HITPOINT WARNING * * *
The orb of energy explodes!
You hear a shout!
Read which item? (? for menu, Esc to quit)
As you read the scroll labeled KID TICZAS, it crumbles to dust.
You feel blessed for a moment.
It was a scroll of remove curse.
Thewizardguy's ghost points at you and mumbles some strange words.
The orb of energy hits you!
You die...

........## #...##
###...## .........##
#...# ##...#
..........## #...##
#...## ...####....##
...# #...# ..#
###...#####...#
##...# ##
##.....#....# #...##
##........## ##...#
#......W...## #....#
#....##@....####...##
#...###............#
#.[.##
.............####
#.....
.................##
#....
.o.......####.......
...............#
#....... ...........#
##.......
............#
#...###.. ....##...#
##.


You could see an orc warrior and thewizardguy's ghost.

Vanquished Creatures
  The ghost of Undrscore the Poker, an amateur MfFi (D:3)
  Grinder (D:6)
  A hippogriff (D:5)
  A water moccasin (D:5)
  A sky beast (D:5)
  A phantom (D:4)
  2 centaurs
  2 hounds
  An orc priest (D:3)
  A centaur skeleton (D:4)
  Terence (D:3)
  An iguana (D:4)
  An orc wizard (D:4)
  4 worker ants
  2 adders
  4 gnolls
  A shadow imp (D:6)
  An adder skeleton (D:5)
  A worm (D:2)
  12 orcs
  4 ball pythons
  8 bats
  3 giant cockroaches
  6 hobgoblins
  11 jackals
  A giant cockroach zombie (D:6)
  3 giant geckos
  3 giant newts
  8 goblins
  7 kobolds
  4 quokkas
  7 rats
105 creatures vanquished.

Vanquished Creatures (others)
  A fulminant prism (D:6)
1 creature vanquished.

Grand Total: 106 creatures vanquished

Notes
Turn   | Place    | Note
--------------------------------------------------------------
     0 | D:1      | Maka the Ogre Berserker began the quest for the Orb.
     0 | D:1      | Reached XP level 1. HP: 24/24 MP: 1/1
   144 | D:1      | Reached XP level 2. HP: 32/32 MP: 2/2
   282 | D:1      | Reached skill level 5 in Maces & Flails
   683 | D:2      | Found a glowing golden altar of the Shining One.
   687 | D:2      | Found a sacrificial altar of Ru.
   687 | D:2      | Found an iron altar of Okawaru.
   690 | D:2      | Found a white marble altar of Elyvilon.
   767 | D:2      | Reached XP level 3. HP: 37/39 MP: 3/3
   775 | D:2      | Reached ** piety under Trog
  1203 | D:2      | Found a shimmering altar of Xom.
  1239 | D:2      | Found a glowing silver altar of Zin.
  1252 | D:2      | Found a shadowy altar of Dithmenos.
  1261 | D:2      | Found a shattered altar of Ashenzari.
  1487 | D:3      | Noticed Terence
  1496 | D:3      | Killed Terence
  1496 | D:3      | Reached skill level 6 in Maces & Flails
  1496 | D:3      | Reached XP level 4. HP: 33/48 MP: 4/4
  1739 | D:3      | Reached skill level 7 in Maces & Flails
  1865 | D:3      | Reached XP level 5. HP: 54/54 MP: 5/5
  1915 | D:3      | Noticed Undrscore's ghost (amateur MfFi)
  1938 | D:3      | Killed Undrscore's ghost
  1938 | D:3      | Reached skill level 9 in Maces & Flails
  1938 | D:3      | Reached XP level 6. HP: 53/62 MP: 6/6
  2218 | D:3      | Noticed a centaur
  2254 | D:3      | Killed a centaur
  2574 | D:4      | Reached *** piety under Trog
  2634 | D:4      | Reached skill level 10 in Maces & Flails
  2634 | D:4      | Reached XP level 7. HP: 44/70 MP: 7/7
  3280 | D:5      | Entered Level 5 of the Dungeon
  3415 | D:5      | Reached skill level 5 in Dodging
  3688 | D:5      | Reached XP level 8. HP: 43/78 MP: 8/8
  4949 | D:6      | Noticed Prince Ribbit
  5059 | D:6      | Reached skill level 11 in Maces & Flails
  5067 | D:6      | Noticed thewizardguy's ghost (novice HECj)
  5104 | D:6      | Noticed Grinder
  5119 | D:6      | Killed Grinder
  5119 | D:6      | Reached skill level 5 in Fighting
  5249 | D:6      | Killed from afar by thewizardguy's ghost

Vault maps used:
D:1:      dpeg_arrival_boxorama, minmay_misc_feat_rows
D:2:      grunt_temple_overflow_cloverleaf, grunt_temple_overflow_open,
          first_bread, minmay_misc_feat_ornament
D:3:      uniq_terence
D:4:      roderic_roman_lattice
D:6:      uniq_prince_ribbit1, uniq_grinder

Action                   |  1- 3 |  4- 6 |  7- 9 || total
-------------------------+-------+-------+-------++-------
Melee: Mace              |   140 |       |       ||   140
       Flail             |       |   103 |   211 ||   314
Invok: Berserk           |     1 |     1 |     1 ||     3
       Trog's Hand       |       |       |     3 ||     3
  Use: Scroll            |       |     3 |     3 ||     6
       Potion            |       |       |     1 ||     1
 Stab: Sleeping          |     2 |       |       ||     2
       Distracted        |       |       |     1 ||     1
  Eat: Chunk             |     2 |     4 |     3 ||     9
       Pizza             |       |     1 |       ||     1
       Fruit             |       |       |     3 ||     3
       Beef jerky        |       |       |     1 ||     1
       Meat ration       |       |       |     1 ||     1
